 Dungeon Sprint DCSS version 0.22-a0-389-g8519d86 (webtiles) character file.

6547 Kidiri the Eclecticist (level 10, -13/61 HPs)
             Began as a Deep Elf Fire Elementalist on Apr 30, 2018.
             Was a High Priest of Vehumet.
             Mangled by a freezing wraith (19 damage)
             ... in the Dungeon (Sprint VII: "The Pits").
             The game lasted 00:09:19 (2113 turns).

Kidiri the Eclecticist (Deep Elf Fire Elementalist) Turns: 2113, Time: 00:09:20

Health: -13/61     AC: 18    Str:  5    XL:     10   Next: 70%
Magic:  20/32      EV: 12    Int: 24    God:    Vehumet [*****.]
Gold:   0          SH:  0    Dex: 13    Spells: 8/42 levels left

rFire    + . .     SeeInvis .   s - +2 halberd (venom)
rCold    . . .     Gourm    .   (shield currently unavailable)
rNeg     . . .     Faith    .   t - +4 scale mail
rPois    .         Spirit   .   m - +2 hat {MR+}
rElec    +         Reflect  .   o - +0 cloak
rCorr    .         Harm     .   (no gloves)
MR       ++...     NoTele   +   (no boots)
Stlth    +.........             (no amulet)
HPRegen  0.20/turn              p - +3 ring of protection
MPRegen  0.23/turn              q - +3 ring of evasion

@: slowed, very slow
A: clumsy 1, fire resistance 1, electricity resistance, no potion heal 1
a: Renounce Religion


You were in the Dungeon.
You worshipped Vehumet.
Vehumet was extremely pleased with you.
You were not hungry.

You visited 1 branch

Inventory:

Hand Weapons
 s - a +2 halberd of venom (weapon)
Armour
 m - a +2 hat of magic resistance (worn)
 o - a +0 cloak (worn)
 t - a +4 scale mail (worn)
Jewellery
 p - a +3 ring of protection (left hand)
 q - a +3 ring of evasion (right hand)
Scrolls
 j - 3 scrolls of remove curse
 k - 5 scrolls of amnesia
 l - a scroll of summoning
Potions
 b - 2 potions of invisibility
 d - 9 potions of curing
 e - 10 potions of heal wounds
 f - 2 potions of haste
 g - 4 potions of magic
 h - a potion of berserk rage
 r - a potion of agility
Comestibles
 a - 4 chunks of flesh
 c - 8 rations


   Skills:
 + Level 6.6 Fighting
 + Level 6.1 Polearms
 + Level 6.7 Armour
 + Level 10.0 Dodging
 - Level 2.4 Stealth
 * Level 16.6 Spellcasting
 + Level 10.4 Conjurations
 + Level 10.9 Fire Magic
 + Level 4.5 Earth Magic
 + Level 7.4 Poison Magic


You had 8 spell levels left.
You knew the following spells:

 Your Spells              Type           Power        Failure   Level  Hunger
a - Flame Tongue          Conj/Fire      #####        1%          1    None
b - Throw Flame           Conj/Fire      ######       1%          2    None
c - Conjure Flame         Conj/Fire      ######..     1%          3    None
d - Inner Flame           Hex/Fire       #####...     3%          3    None
e - Ignite Poison         Fire/Tmut/Pois #####...     2%          3    None
f - Sticky Flame          Conj/Fire      ######..     1%          4    None
g - Fireball              Conj/Fire      ######....   4%          5    #......
h - Iron Shot             Conj/Erth      ######....   54%         6    ####...
i - Orb of Destruction    Conj           ######....   71%         7    ######.


Dungeon Overview and Level Annotations

Branches:
Dungeon (1/1)

Altars:
Ashenzari
Cheibriados
Dithmenos
Elyvilon
Fedhas
Gozag
Hepliaklqana
Kikubaaqudgha
Makhleb
Nemelex Xobeh
Okawaru
Qazlal
Ru
Sif Muna
Trog
Uskayaw
Vehumet
Wu Jian
Xom
Yredelemnul
Zin
The Shining One
Beogh
Jiyva
Lugonu

Annotations:
D exclusion: 4 doors, Maurice


Innate Abilities, Weirdness & Mutations

You are clumsy. (Dex -2)
Your flesh is heat resistant. (rF+)
You are resistant to electric shocks. (rElec)
Potions are less effective at restoring your health.


Message History

The freezing wraith hits you.
* * * LOW HITPOINT WARNING * * *
Unknown command.
Casting: Sticky Flame (safe; 1% risk of failure)
Confirm with . or Enter, or press ? or * to list all spells.
Aiming: Sticky Flame (safe; 1% risk of failure)
Press: ? - help, Shift-Dir - straight line, p - freezing wraith
Okay, then.
Casting: Sticky Flame (safe; 1% risk of failure)
Confirm with . or Enter, or press ? or * to list all spells.
Aiming: Fireball (safe; 4% risk of failure)
Press: ? - help, Shift-Dir - straight line, p - freezing wraith The fireball explodes!
The fireball engulfs the freezing wraith.
The freezing wraith is burned terribly!
The freezing wraith is almost destroyed.
The freezing wraith hits you.
* * * LOW HITPOINT WARNING * * *
The freezing wraith freezes you!!
You die...

##[)# ##...##...
##.[####.....##.##
##...##......#...#
##....'......+...+
##...##......#...#
##..####.)...##.##
##..##.##...##...## .#
##..##..##)##.....#...#
##..# #..#)#....@W...#
##..# #..[...###...##
##### ######## ####


You could see a freezing wraith.

Vanquished Creatures
  Gastronok (D)
  An anaconda (D)
  A two-headed ogre (D)
  2 orc knights (D)
  A black mamba (D)
  A hellwing (D)
  A troll (D)
  A jumping spider (D)
  A bog body (D)
  A redback (D)
  A spriggan (D)
  A fire bat (D)
  A warg (D)
  2 floating eyes (D)
  2 orc warriors (D)
  2 porcupines (D)
  2 ogres (D)
  A centaur (D)
  A hound (D)
  An orc priest (D)
  An iron imp (D)
  2 orc wizards (D)
  A worker ant (D)
  A hell rat (D)
  2 adders (D)
  An ufetubus (D)
  An ooze (D)
  4 orcs (D)
  2 giant cockroaches (D)
  A hobgoblin (D)
  2 jackals (D)
  A kobold (D)
  A frilled lizard (D)
  A giant cockroach zombie (D)
46 creatures vanquished.

Notes
Turn   | Place    | Note
-------+----------+-------------------------------------------
     0 | D        | Kidiri the Deep Elf Fire Elementalist began the quest for the Orb.
     0 | D        | Reached XP level 1. HP: 10/10 MP: 6/6
    30 | D        | Reached skill level 4 in Spellcasting
    63 | D        | Found a bloodstained altar of Trog.
    63 | D        | Found a deep blue altar of Sif Muna.
    63 | D        | Found a viscous altar of Jiyva.
    63 | D        | Found a hazy altar of Hepliaklqana.
    63 | D        | Found an opulent altar of Gozag.
    64 | D        | Found a glowing golden altar of the Shining One.
    64 | D        | Found a glowing silver altar of Zin.
    64 | D        | Found a basalt altar of Yredelemnul.
    64 | D        | Found a shimmering altar of Xom.
    64 | D        | Found an ornate altar of the Wu Jian Council.
    64 | D        | Found a sacrificial altar of Ru.
    64 | D        | Found a stormy altar of Qazlal.
    64 | D        | Found an iron altar of Okawaru.
    64 | D        | Found a sparkling altar of Nemelex Xobeh.
    64 | D        | Found a burning altar of Makhleb.
    64 | D        | Found a blossoming altar of Fedhas.
    64 | D        | Found a white marble altar of Elyvilon.
    64 | D        | Found a shadowy altar of Dithmenos.
    64 | D        | Found a snail-covered altar of Cheibriados.
    66 | D        | Found a radiant altar of Vehumet.
    66 | D        | Found a corrupted altar of Lugonu.
    66 | D        | Found a roughly hewn altar of Beogh.
    67 | D        | Found a hide-covered altar of Uskayaw.
    67 | D        | Found an ancient bone altar of Kikubaaqudgha.
    67 | D        | Found a shattered altar of Ashenzari.
    74 | D        | Became a worshipper of Vehumet
    90 | D        | Noticed a floating eye
    93 | D        | Killed a floating eye
    93 | D        | Reached skill level 9 in Spellcasting
    93 | D        | Reached skill level 5 in Conjurations
    93 | D        | Reached XP level 2. HP: 15/15 MP: 4/14
    93 | D        | Reached XP level 3. HP: 19/19 MP: 4/15
    93 | D        | Reached XP level 4. HP: 24/24 MP: 4/17
   100 | D        | Learned a level 2 spell: Throw Flame
   104 | D        | Learned a level 3 spell: Conjure Flame
   108 | D        | Learned a level 3 spell: Inner Flame
   113 | D        | Learned a level 4 spell: Sticky Flame
   205 | D        | Reached * piety under Vehumet
   205 | D        | Offered knowledge of Shock by Vehumet.
   205 | D        | Reached XP level 5. HP: 28/28 MP: 10/19
   224 | D        | Learned a level 5 spell: Fireball
   274 | D        | Reached ** piety under Vehumet
   282 | D        | Reached skill level 10 in Spellcasting
   365 | D        | Noticed a porcupine
   368 | D        | Noticed a porcupine
   374 | D        | Killed a porcupine
   374 | D        | Offered knowledge of Freeze by Vehumet.
   374 | D        | Reached skill level 1 in Fighting
   374 | D        | Reached skill level 1 in Polearms
   374 | D        | Reached skill level 1 in Armour
   374 | D        | Killed a porcupine
   374 | D        | Reached *** piety under Vehumet
   374 | D        | Reached skill level 11 in Spellcasting
   374 | D        | Reached XP level 6. HP: 35/35 MP: 7/22
   375 | D        | Noticed a floating eye
   376 | D        | Killed a floating eye
   383 | D        | Reached skill level 5 in Dodging
   383 | D        | Reached skill level 12 in Spellcasting
   383 | D        | Reached XP level 7. HP: 19/41 MP: 4/24
   386 | D        | Reached **** piety under Vehumet
   509 | D        | Noticed a fire bat
   522 | D        | Killed a fire bat
   522 | D        | Offered knowledge of Ignite Poison by Vehumet.
   696 | D        | Learned a level 3 spell: Ignite Poison
   697 | D        | Noticed a two-headed ogre
   721 | D        | Killed a two-headed ogre
   721 | D        | Offered knowledge of Dazzling Spray by Vehumet.
   721 | D        | Reached skill level 13 in Spellcasting
   721 | D        | Reached XP level 8. HP: 23/48 MP: 16/27
   898 | D        | Offered knowledge of Fulminant Prism by Vehumet.
   904 | D        | Reached ***** piety under Vehumet
  1090 | D        | Noticed Maurice
  1092 | D        | Noticed Gastronok
  1095 | D        | Offered knowledge of Iron Shot by Vehumet.
  1101 | D        | Killed Gastronok
  1101 | D        | Reached skill level 5 in Fighting
  1101 | D        | Reached skill level 5 in Polearms
  1101 | D        | Reached skill level 5 in Armour
  1101 | D        | Reached skill level 15 in Spellcasting
  1101 | D        | Reached skill level 5 in Poison Magic
  1101 | D        | Reached XP level 9. HP: 29/54 MP: 14/30
  1232 | D        | Gained mutation: Potions are less effective at restoring your health. [potion of mutation]
  1232 | D        | Gained mutation: You are clumsy. (Dex -2) [potion of mutation]
  1232 | D        | Gained mutation: Your flesh is heat resistant. (rF+) [potion of mutation]
  1232 | D        | Gained mutation: You are resistant to electric shocks. (rElec) [potion of mutation]
  1243 | D        | Learned a level 6 spell: Iron Shot
  1327 | D        | Noticed a hellwing
  1359 | D        | Killed a hellwing
  1359 | D        | Reached skill level 10 in Fire Magic
  1359 | D        | Reached skill level 1 in Earth Magic
  1584 | D        | Noticed a jumping spider
  1584 | D        | Noticed an anaconda
  1584 | D        | Noticed an orc knight
  1595 | D        | Killed an anaconda
  1595 | D        | Reached XP level 10. HP: 30/60 MP: 20/31
  1604 | D        | Offered knowledge of Orb of Destruction by Vehumet.
  1604 | D        | Reached skill level 10 in Conjurations
  1611 | D        | Killed an orc knight
  1611 | D        | Reached skill level 16 in Spellcasting
  1645 | D        | Learned a level 7 spell: Orb of Destruction
  1843 | D        | Noticed a black mamba
  1851 | D        | Noticed an orc knight
  1864 | D        | Killed an orc knight
  1864 | D        | Offered knowledge of Freezing Cloud by Vehumet.
  1918 | D        | Killed a black mamba
  1918 | D        | Reached skill level 10 in Dodging
  2113 | D        | Mangled by a freezing wraith

Vault maps used:
D:        pitsprint

Skill      XL: |  1  2  3  4  5  6  7  8  9 10 |
---------------+-------------------------------+-----
Spellcasting   | 9 11 12 13 15 16 | 16.6
Conjurations   | 5 6 7 8 9 10 | 10.4
Fire Magic     | 6 7 8 9 10 | 10.9
Fighting       | 2 3 4 5 6 |  6.6
Polearms       | 2 3 5 6 |  6.1
Armour         | 2 3 4 5 6 |  6.7
Dodging        | 4 5 6 8 9 10 | 10.0
Poison Magic   | 3 5 6 7 |  7.4
Earth Magic    | 2 4 |  4.5
Stealth        | |  2.4

Action                   |  1- 3 |  4- 6 |  7- 9 | 10-12 || total
-------------------------+-------+-------+-------+-------++-------
Melee: Trident           |       |       |    23 |       ||    23
       Halberd           |       |       |    29 |     6 ||    35
 Cast: Flame Tongue      |     5 |    20 |    19 |    18 ||    62
       Conjure Flame     |       |     3 |     4 |     2 ||     9
       Inner Flame       |       |     3 |     1 |     6 ||    10
       Throw Flame       |       |     2 |       |     2 ||     4
       Sticky Flame      |       |     1 |     4 |     7 ||    12
       Fireball          |       |       |     5 |     3 ||     8
       Ignite Poison     |       |       |     1 |       ||     1
  Use: Potion            |       |       |     4 |     1 ||     5
       Scroll            |       |       |     1 |       ||     1
 Stab: Sleeping          |       |       |     1 |       ||     1
  Eat: Ration            |       |       |     1 |       ||     1
       Chunk             |       |       |     1 |       ||     1
Armor: Robe              |       |     2 |     3 |       ||     5
       Scale mail        |       |       |    22 |     5 ||    27
Dodge: Dodged            |       |     4 |    36 |    14 ||    54

Table legend:
 A = Spawn XP
 B = Non-spawn XP
 C = Spawn XP percentage of total XP
 D = Spawn monster count
 E = Non-spawn monster count
 F = Spawn count percentage of total count
 G = Total turns spent on level
                    A         B        C        D         E        F      G
               +---------+---------+-------+---------+---------+-------+---------
         Total |       0 |    9353 |   0.0 |       0 |      46 |   0.0 |  2113
               +---------+---------+-------+---------+---------+-------+---------
             D |       0 |    9353 |   0.0 |       0 |      46 |   0.0 |  2113
               +---------+---------+-------+---------+---------+-------+---------
